AoeStats
← Leon.Watch

MegaRandom

507479203Analyzed
3v3 RM · 13d ago on Sep 18, 2026· 74m 57s· 6 players
Game mode
Random Map
Map size
Normal (6 player)
Population
200
Speed
Normal
Resources
Standard
Victory
Conquest
Starting age
Dark Age
Ending age
Imperial Age
RankedLock teamsTeams togetherTeam positionsShared explorationLock speedFull tech treeHidden civsTurbo modeCheats
Victory
Defeat
🇦🇷 Portuguese · Argentina
1424
+14
🇨🇳 Spanish · China
1395
+16
🇩🇪 Slavs · Germany
1379
+16
🇨🇳 Wei · China
1423
-16
🇨🇳 Shu · China
1370
-15
🇨🇳 Wu · China
1370
-15
苏东坡的粉丝
0:36 Loom
11:36 Feudal Age
12:45 Double-Bit Axe
14:26 Fletching
16:13 Padded Archer Armor
29:40 Castle Age
29:24 Forging
29:14 Scale Mail Armor
29:13 Horse Collar
30:29 Bodkin Arrow
30:55 Bow Saw
31:10 Leather Archer Armor
37:04 Gold Mining
37:05 Stone Mining
38:28 Wheelbarrow
43:42 Imperial Age
42:17 Hand Cart
41:39 Elite Skirmisher
44:41 Bracer
47:41 Conscription
50:06 Ring Archer Armor
50:03 Ballistics
51:46 Chemistry
52:30 Caravan
53:31 Scale Barding Armor
55:52 Squires
56:16 Forging
57:56 Hand Cart
57:30 Pikeman
58:13 Scale Mail Armor
61:10 Town Watch
62:00 Heavy Plow
62:38 Stone Shaft Mining
66:33 Thumb Ring
69:14 Bloodlines
68:24 Light Cavalry
69:38 Chain Barding Armor
69:54 Iron Casting
72:29 Plate Barding Armor
73:42 Husbandry
74:22 Capped Ram
FloAoE
0:32 Loom
10:13 Feudal Age
10:44 Double-Bit Axe
11:38 Horse Collar
21:12 Castle Age
19:29 Scale Barding Armor
19:25 Gold Mining
20:07 Forging
20:29 Bloodlines
21:15 Light Cavalry
22:16 Chain Barding Armor
22:32 Iron Casting
22:15 Husbandry
22:56 Heavy Plow
24:21 Wheelbarrow
26:45 Hand Cart
29:29 Bow Saw
31:47 Gold Shaft Mining
31:29 Town Watch
33:10 Town Patrol
43:04 Fletching
48:42 Imperial Age
48:01 Bodkin Arrow
49:15 Caravan
48:45 Hussar
50:03 Plate Barding Armor
50:28 Blast Furnace
50:09 Crop Rotation
53:22 Ballistics
54:03 Chemistry
53:08 Siege Engineers
55:13 Scale Mail Armor
56:47 Cavalier
58:37 Chain Mail Armor
58:24 Squires
57:45 Pikeman
60:09 Halberdier
61:21 Plate Mail Armor
62:32 Two-Man Saw
63:21 Conscription
67:25 Druzhina
71:55 Coinage
72:55 Man-at-Arms
75:05 Guard Tower
gjizhijian6866
0:30 Loom
7:32 Loom
9:45 Feudal Age
12:09 Double-Bit Axe
14:38 Fletching
17:03 Padded Archer Armor
23:51 Castle Age
23:17 Horse Collar
23:29 Gold Mining
24:30 Bodkin Arrow
24:02 Crossbowman
24:57 Town Watch
25:35 Leather Archer Armor
29:03 Ballistics
29:03 Bow Saw
30:05 Thumb Ring
31:09 Elite Skirmisher
35:49 Wheelbarrow
37:14 Masonry
38:53 Stone Mining
44:27 Heavy Plow
49:48 Imperial Age
50:31 Bracer
50:53 Conscription
51:36 Chemistry
52:02 Two-Man Saw
51:33 Crop Rotation
51:55 Ring Archer Armor
51:48 Pikeman
52:30 Scale Mail Armor
53:48 Forging
54:28 Chain Mail Armor
56:27 Caravan
56:47 Light Cavalry
57:35 Scale Barding Armor
58:19 Husbandry
58:47 Bloodlines
58:46 Capped Ram
62:08 Iron Casting
63:12 Architecture
63:04 Halberdier
65:22 Blast Furnace
64:13 Halberdier
66:56 Plate Mail Armor
67:48 Guilds
69:19 Hand Cart
70:23 Chain Barding Armor
70:54 Fortified Wall
70:50 Siege Engineers
74:07 Plate Barding Armor
73:43 Arson
74:22 Arquebus
Leon.Watch
0:36 Loom
9:42 Feudal Age
24:38 Castle Age
23:00 Fletching
24:15 Double-Bit Axe
24:46 Crossbowman
27:08 Bodkin Arrow
33:08 Padded Archer Armor
40:15 Elite Skirmisher
41:49 Leather Archer Armor
45:20 Imperial Age
46:04 Bracer
51:04 Chemistry
53:15 Conscription
54:30 Wheelbarrow
56:02 Thumb Ring
56:29 Ring Archer Armor
56:05 Horse Collar
58:53 Town Watch
61:52 Ballistics
63:08 Conscription
64:32 Arbalester
65:39 Scale Mail Armor
65:50 Forging
69:17 Caravan
69:08 Pikeman
69:49 Squires
69:34 Arson
ezer
0:28 Loom
9:37 Feudal Age
10:03 Man-at-Arms
18:17 Fletching
19:06 Padded Archer Armor
19:23 Horse Collar
21:50 Double-Bit Axe
26:11 Castle Age
26:12 Crossbowman
26:50 Bodkin Arrow
29:26 Ballistics
47:20 Wheelbarrow
46:30 Town Watch
52:33 Imperial Age
49:37 Pikeman
50:50 Squires
51:03 Heavy Plow
52:32 Murder Holes
52:48 Masonry
53:30 Scale Mail Armor
53:28 Arson
57:14 Conscription
57:30 Chain Mail Armor
58:49 Plate Mail Armor
61:06 Forging
61:16 Elite Skirmisher
62:10 Light Cavalry
67:18 Hand Cart
67:04 Town Patrol
67:45 Bracer
68:39 Husbandry
68:49 Bloodlines
74:18 Scale Barding Armor
ThompsonAK
0:32 Loom
10:26 Feudal Age
11:20 Horse Collar
11:27 Double-Bit Axe
21:26 Wheelbarrow
20:44 Gold Mining
21:40 Bloodlines
21:47 Forging
24:49 Castle Age
23:24 Bloodlines
23:50 Scale Barding Armor
25:32 Husbandry
24:52 Light Cavalry
26:36 Iron Casting
26:14 Bow Saw
26:06 Heavy Plow
28:12 Chain Barding Armor
33:00 Gold Shaft Mining
38:46 Hand Cart
41:21 Stone Mining
45:21 Caravan
51:21 Imperial Age
53:21 Heavy Hei Guang Cavalry
57:26 Hussar
62:22 Conscription
64:47 Heavy Scorpion
Connection lost

Rejoining the realm…

Still unreachable

The connection could not be restored.

Session expired

The server has moved on; the page needs a fresh start.